 Dungeon Crawl Stone Soup version 0.29.1-1-gd02db6906a (webtiles) character file.

Game seed: 12740680437913368495

13 lonewolfV2 the Shield-Bearer (level 2, 0/29 HPs)
             Began as a Troll Fighter on Oct 17, 2022.
             Slain by a hobgoblin (3 damage)
             ... on level 1 of the Dungeon.
             The game lasted 00:00:30 (185 turns).

lonewolfV2 the Shield-Bearer (Troll Fighter)         Turns: 185, Time: 00:00:32

Health: 0/29       AC:  4    Str: 23    XL:     2   Next: 24%
Magic:  1/1        EV:  8    Int:  4    God:
Gold:   15         SH:  7    Dex:  9    Spells: 1/1 levels left

rFire   . . .      SeeInvis .   a - +0 flail
rCold   . . .      Faith    .   c - +0 kite shield
rNeg    . . .      Spirit   .   b - +0 robe
rPois   .          Reflect  .   (helmet restricted)
rElec   .          Harm     .   (no cloak)
rCorr   .          Rampage  .   (gloves unavailable)
Will    .....                   (boots unavailable)
Stlth   +.........              (no amulet)
HPRegen 0.89/turn               (no ring)
MPRegen 0.07/turn               (no ring)

@: no status effects
A: large, unfitting armour, claws 3, regeneration 1, shaggy fur 1, tough skin 1
a: no special abilities


You were on level 1 of the Dungeon.
You visited 1 branch of the dungeon, and saw 1 of its levels.

You collected 15 gold pieces.

Inventory:

Hand Weapons
 a - a +0 flail (weapon)
Armour
 b - a +0 robe (worn)
 c - a +0 kite shield (worn)
Jewellery
 g - an amulet of reflection
Scrolls
 e - a scroll of blinking {unknown}
 f - 3 scrolls of magic mapping {unknown}
Potions
 d - a potion of might
 h - a potion of invisibility {unknown}


   Skills:
 + Level 2.6 Fighting
 + Level 2.0 Maces & Flails
 + Level 2.5 Dodging
 + Level 2.8 Shields


You had one spell level left.
You didn't know any spells.
Your spell library was empty.

Dungeon Overview and Level Annotations

Branches:
Dungeon (1/15)

Altars:


Innate Abilities, Weirdness & Mutations

You are too large for most types of armour.
You have claws for hands.
Your natural rate of healing is unusually fast.
You are covered in fur. (AC +1)
You have tough skin. (AC +1)


Message History

You block the hobgoblin's attack. The hobgoblin closely misses you.
The hobgoblin hits you. You block the kobold's attack.
The kobold closely misses you.
Unknown command.
You hit the hobgoblin.
The hobgoblin is almost dead.
You block the kobold's attack. The kobold barely misses you.
The hobgoblin hits you. The hobgoblin closely misses you. x2
The kobold hits you but does no damage.
Unknown command.
You barely miss the hobgoblin. The kobold hits you with a +0 club.
The hobgoblin hits you but does no damage.
The kobold hits you with a +0 dagger. The hobgoblin barely misses you.
The kobold barely misses you. You block the hobgoblin's attack.
You block the kobold's attack. The hobgoblin closely misses you.
The kobold hits you with a +0 dagger. The kobold hits you with a +0 club.
The hobgoblin hits you but does no damage.
The hobgoblin hits you.
You sock the hobgoblin!
You kill the hobgoblin!
The kobold hits you but does no damage. You block the kobold's attack.
The hobgoblin hits you.
The kobold throws a stone.
The stone hits you but does no damage. The hobgoblin hits you.
* * * LOW HITPOINT WARNING * * *
The kobold hits you but does no damage. The hobgoblin completely misses you.
The kobold hits you with a +0 club.
* * * LOW HITPOINT WARNING * * *
The kobold barely misses you. The kobold hits you with a +0 whip.
* * * LOW HITPOINT WARNING * * *
The kobold hits you but does no damage.
You see here a hobgoblin corpse.
Unknown command.
You barely miss the kobold. You block the kobold's attack.
The kobold completely misses you. The kobold barely misses you.
You block the hobgoblin's attack. The kobold hits you with a +0 dagger.
* * * LOW HITPOINT WARNING * * *
The hobgoblin closely misses you. The ball python bites you.
* * * LOW HITPOINT WARNING * * *
The hobgoblin hits you.
You die...

.....?... ...........
#.........######## #..#
##............#... ....
................. ...
..............######.###
.......................
..#.SKK..$........####
#.K@g.........#.....
.......Kg?..............
..(...........####......
.................#..)...
..##..##......##........
# #.. ##........#......
#.# #............... #.
#......###....># [.#
##...##


You could see 2 hobgoblins, a ball python and 4 kobolds.

Vanquished Creatures
  A ball python (D:1)
  An endoplasm (D:1)
  A hobgoblin (D:1)
  3 jackals (D:1)
  A kobold (D:1)
  3 bats (D:1)
  A frilled lizard (D:1)
  A rat (D:1)
12 creatures vanquished.

Notes
Turn   | Place    | Note
-------+----------+-------------------------------------------
     0 | D:1      | lonewolfV2 the Troll Fighter began the quest for the Orb.
     0 | D:1      | Reached XP level 1. HP: 22/22 MP: 0/0
   113 | D:1      | Reached XP level 2. HP: 29/29 MP: 1/1
   185 | D:1      | Slain by a hobgoblin

Illustrated notes

Levels and vault maps discovered:
D:1:      lemuel_arrival_rhombus, layout_rooms, chequers_decorated_corner,
          minmay_small_reverse_x

Skill      XL: |  1 |
---------------+----+-----
Maces & Flails | 2 |  2.0
Fighting       | |  2.6
Dodging        | |  2.5
Shields        | |  2.8

Action                   || total
-------------------------++-------
Melee: Flail             ||    48
Armor: Robe              ||    41
Dodge: Dodged            ||    47
Block: Kite shield       ||    49
